 Dungeon Crawl Stone Soup version 0.24-a0-616-ge2a249a6fd (webtiles) character file.

Game seed: 16071317493133303491, levelgen mode: deterministic

3 MirrMurr the Sneak (level 1, -1/9 HPs)
             Began as a Spriggan Enchanter on Sept 14, 2019.
             Slain by a hobgoblin
             ... wielding a +0 club
              (2 damage)
             ... on level 1 of the Dungeon.
             The game lasted 00:00:52 (88 turns).

MirrMurr the Sneak (Spriggan Enchanter)               Turns: 88, Time: 00:00:52

Health: -1/9       AC:  2    Str:  4    XL:     1   Next: 41%
Magic:  4/5        EV: 18    Int: 16    God:
Gold:   7          SH:  0    Dex: 16    Spells: 4/5 levels left

rFire    . . .     SeeInvis +   a - +1 dagger
rCold    . . .     Gourm    .   (shield restricted)
rNeg     . . .     Faith    .   b - +0 robe
rPois    .         Spirit   .   (helmet restricted)
rElec    .         Reflect  .   (no cloak)
rCorr    .         Harm     .   (gloves unavailable)
MR       .....                  (boots unavailable)
Stlth    +++.......             (no amulet)
HPRegen  0.03/turn              (no ring)
MPRegen  0.09/turn              (no ring)

@: very quick
A: very small, unfitting armour, see invisible, herbivore, speed 3, slow
metabolism 2
a: no special abilities


You were on level 1 of the Dungeon.
You were not hungry.

You visited 1 branch of the dungeon, and saw 1 of its levels.

You collected 7 gold pieces.

Inventory:

Hand Weapons
 a - a +1 dagger (weapon)
Missiles
 e - 26 stones (quivered)
Armour
 b - a +0 robe (worn)
Scrolls
 f - a scroll of random uselessness {unknown}
Potions
 d - a potion of curing {unknown}
Comestibles
 c - a ration


   Skills:
 + Level 1.4 Short Blades
 - Level 3.0 Dodging
 + Level 4.6 Stealth
 - Level 2.6 Spellcasting
 - Level 3.6 Hexes


You had 4 spell levels left.
You knew the following spells:

 Your Spells              Type           Power        Failure   Level  Hunger
C - Corona                Hex            ##.....      4%          1    #......

Your spell library contained the following spells:

 Spells                   Type           Power        Failure   Level  Hunger
 Confuse                  Hex            ##......     13%         3    ###....
 Tukima's Dance           Hex            ##......     13%         3    ###....
 Ensorcelled Hibernation  Hex/Ice        #.....       14%         2    ##.....
 Dazzling Spray           Conj/Hex       #.....       28%         3    ###....


Dungeon Overview and Level Annotations

Branches:
Dungeon (1/15)

Altars:


Innate Abilities, Weirdness & Mutations

You are very small and have problems with some larger weapons.
You are too small for most types of armour.
You have supernaturally acute eyesight. (SInv)
You are a herbivore.
You cover ground extremely quickly.
You need to consume almost no food.


Message History

You barely miss the hobgoblin.
The hobgoblin is moderately wounded.
The hobgoblin completely misses you.
You hit the hobgoblin.
The hobgoblin is heavily wounded.
The hobgoblin barely misses you.
You hit the hobgoblin but do no damage.
The hobgoblin is heavily wounded.
The hobgoblin hits you with a +0 club.
* * * LOW HITPOINT WARNING * * *
You hit the hobgoblin.
The hobgoblin is severely wounded.
You hit the hobgoblin but do no damage.
The hobgoblin is severely wounded.
The hobgoblin hits you with a +0 club.
* * * LOW HITPOINT WARNING * * *
You hit the hobgoblin.
The hobgoblin is almost dead.
The hobgoblin hits you with a +0 club.
You die...

#..#####..#%..............#
#..#≈≈≈#..#....####.......#
#..#≈≈≈#..#....####.......#
#..#≈;≈#..#........(....###
#..#≈;≈#..#.............#
#..#≈≈≈#..#.............#
#..#≈≈≈#..#####...........#
#..#≈≈≈#..# #....%....###
#..#####..# #.@.......#
#.........# #!g.......#
#...⌠.⌠...# #)>.......#
#.8.....8.# #.........#
#.........# #.........#
#....<....# ###########
#.........# #.8..(..8.#
#.........#


You could see a hobgoblin.

Vanquished Creatures
  A hobgoblin (D:1)
  A kobold (D:1)
  2 rats (D:1)
4 creatures vanquished.

Notes
Turn   | Place    | Note
-------+----------+-------------------------------------------
     0 | D:1      | MirrMurr the Spriggan Enchanter began the quest for the
                  | Orb.
     0 | D:1      | Reached XP level 1. HP: 9/9 MP: 5/5
    12 | D:1      | Noticed an electric eel
    88 | D:1      | Slain by a hobgoblin

Levels and vault maps discovered:
D:1:      arrival_aquarium_a, layout_rooms, solitary_fountain

Action                   || total
-------------------------++-------
Melee: Dagger            ||    21
 Cast: Corona            ||     1
 Stab: Sleeping          ||     2
Dodge: Dodged            ||    13

Table legend:
 A = Non-vault XP
 B = Vault XP
 C = Vault XP percentage of total XP
 D = Non-vault monster count
 E = Vault monster count
 F = Vault count percentage of total count
                 A         B        C        D         E       F
            +---------+---------+-------+---------+---------+-------
      Total |       5 |       0 |   0.0 |       4 |       0 |   0.0
            +---------+---------+-------+---------+---------+-------
        D:1 |       5 |       0 |   0.0 |       4 |       0 |   0.0
            +---------+---------+-------+---------+---------+-------
